 Dungeon Crawl Stone Soup version 0.29-a0-819-g94b489e0ae (webtiles) character file.

Game seed: 6910250248405987646

453 Garessta the Changer (level 6, -8/26 HPs)
             Began as a Felid Transmuter on July 6, 2022.
             Killed by divine providence
             ... invoked by an orc priest
              (13 damage)
             ... on level 5 of the Dungeon.
             The game lasted 00:12:43 (6303 turns).

Garessta the Changer (Felid Transmuter)             Turns: 6303, Time: 00:12:43

Health: -8/26      AC:  2    Str:  6    XL:     6   Next: 75%
Magic:  8/10       EV: 17    Int: 16    God:
Gold:   574        SH:  0    Dex: 17    Spells: 3/9 levels left
                                        Lives:  0   Deaths: 1

rFire   . . .      SeeInvis +     - Unarmed
rCold   . . .      Faith    .   (shield unavailable)
rNeg    . . .      Spirit   .   (body armour unavailable)
rPois   .          Reflect  .   (helmet unavailable)
rElec   .          Harm     .   (cloak unavailable)
rCorr   .          Rampage  .   (gloves unavailable)
Will    .....                   (boots unavailable)
Stlth   ++........              (no amulet)
HPRegen 0.08/turn               (no ring)
MPRegen 0.12/turn               (no ring)

@: quick
A: very small, claws 1, fangs 3, see invisible, speed 1, shaggy fur 2, stealthy
paws, no weapons or thrown items, no armour, multi-lived
a: no special abilities


You were on level 5 of the Dungeon.
You visited 1 branch of the dungeon, and saw 5 of its levels.

You collected 574 gold pieces.

Inventory:

Jewellery
 o - a ring of wizardry
 q - a +4 ring of slaying
Scrolls
 c - a scroll of summoning
 d - a scroll of teleportation {unknown}
 f - a scroll of silence {unknown}
 i - 2 scrolls of magic mapping {unknown}
 j - 2 scrolls of immolation {unknown}
 m - 3 scrolls of fog {unknown}
 n - a scroll of enchant weapon {unknown}
 p - a scroll of noise {unknown}
 r - a scroll of blinking {unknown}
 s - a scroll of identify {unknown}
Potions
 a - 2 potions of lignification
 b - 4 potions of curing {unknown}
 e - a potion of mutation {unknown}
 g - a potion of cancellation {unknown}
 h - 2 potions of flight {unknown}
 k - a potion of heal wounds {unknown}
 l - 3 potions of might {unknown}


   Skills:
 - Level 2.3 Fighting
 - Level 2.6 Dodging
 - Level 3.7 Unarmed Combat
 - Level 2.0 Spellcasting
 + Level 7.9 Transmutations


You had 3 spell levels left.
You knew the following spells:

 Your Spells              Type           Power      Damage    Failure   Level
a - Beastly Appendage     Tmut           54%        N/A       1%          1
b - Wereblood             Tmut           27%        N/A       1%          2
c - Spider Form           Tmut/Pois      14%        N/A       12%         3

Your spell library contained the following spells:

 Spells                   Type           Power      Damage    Failure   Level
 Sting                    Tmut/Pois      56%        1d5       4%          1
 Sandblast                Erth           2%         2d4       21%         1
 Ignite Poison            Fire/Tmut/Pois 10%        N/A       22%         3
 Call Canine Familiar     Summ           1%         N/A       52%         3
 Confusing Touch          Hex            1%         N/A       52%         3
 Gell's Gravitas          Tloc           1%         N/A       52%         3
 Lesser Beckoning         Tloc           1%         N/A       52%         3
 Mephitic Cloud           Conj/Pois/Air  1%         N/A       52%         3
 Teleport Other           Tloc           1%         N/A       52%         3
 Ice Form                 Ice/Tmut       14%        N/A       38%         4
 Yara's Violent Unravell  Hex/Tmut       7%         3d5       75%         5
 Leda's Liquefaction      Hex/Erth       0%         N/A       90%         4
 Freezing Cloud           Conj/Ice/Air   0%         6-21      99%         5
 Enfeeble                 Hex            0%         N/A       100%        7
 Portal Projectile        Hex/Tloc       Unusable   N/A       N/A         3

Dungeon Overview and Level Annotations

Branches:
Dungeon (5/15)
 Temple: D:4-7

Altars:
Makhleb
Sif Muna
Trog
Zin

Shops:
D:4 (


Innate Abilities, Weirdness & Mutations

You have sharp claws.
You have razor-sharp teeth.
You have supernaturally acute eyesight. (SInv)
You cover ground quickly. (Speed+)
You are covered in thick fur. (AC +2)
Your paws help you pounce on unaware monsters.
You are incapable of wielding weapons or throwing items.
You cannot wear armour.
You gain extra lives every three experience levels.


Message History

The spell is quite dangerous to miscast (12% risk of failure)!
Continue anyway?
You turn into a venomous arachnid creature.
A jelly comes into view.
An orc priest comes into view. It is wielding a +0 dagger.
Found an escape hatch in the floor.
The orc priest shouts!
An orc priest comes into view. It is wielding a +0 dagger.
The jelly quivers.
The orc completely misses you.
The orc wizard mumbles some strange words.
The orc wizard flickers and vanishes for a moment.
The orc priest shouts!
You hit the orc.
The orc is poisoned.
The orc is moderately wounded.
You barely miss the orc.
The orc is moderately wounded.
The orc misses you.
You hit the orc.
The orc looks as sick as possible!
The orc is almost dead.
You kill the orc!
The orc priest mumbles some strange prayers to Beogh against you.
Beogh smites you!
You barely miss the orc wizard. The orc wizard misses you.
You hit the orc wizard.
The orc wizard is poisoned.
The orc wizard is moderately wounded.
The orc wizard points at you and mumbles some strange words.
The magic dart hits you.
You hit the orc wizard.
The orc wizard looks even sicker.
The orc wizard is heavily wounded.
The orc wizard hits you with a +0 dagger.
* * * LOW HITPOINT WARNING * * *
The orc wizard attacks as you move away!
The orc wizard hits you with a +0 dagger.
* * * LOW HITPOINT WARNING * * *
Your transformation has ended.
You kill the orc wizard!
The orc priest invokes the aid of Beogh against you.
Beogh smites you!
Ouch! That really hurt!
You die...

[....... .. #.# ......#
#.# #.# .####.# .. >..
.# ###.####J# .###
#....[.#o# ...#
#......#o# ...#
#.###....#)# ...#
#......)<#)# ...#
######..##@# ...#
...........#
...##########..####
.#................# #.#
.#.###########..#.#.#.#
.#.# ##.#.#.#.# .#.#
#.#.#.#.# # .#.#
#...#.#.#########..
.#.#
##..#.#............


You could see a jelly and 2 orc priests.

Vanquished Creatures
  An ogre (D:5)
  A centaur (D:4)
  A scorpion (D:5)
  3 hounds
  A gnoll bouda (D:4)
  2 iguanas
  3 orc wizards
  3 adders
  2 worms
  4 dart slugs
  8 orcs
  6 bats
  9 endoplasms
  4 giant cockroaches
  9 goblins
  9 hobgoblins
  3 jackals (D:4)
  8 kobolds
  4 quokkas
  3 ball pythons
  A frilled lizard (D:1)
  5 rats
90 creatures vanquished.

Vanquished Creatures (others)
  6 plants (D:5)
6 creatures vanquished.

Grand Total: 96 creatures vanquished

Notes
Turn   | Place    | Note
-------+----------+-------------------------------------------
     0 | D:1      | Garessta the Felid Transmuter began the quest for the Orb.
     0 | D:1      | Reached XP level 1. HP: 9/9 MP: 4/4
   242 | D:1      | Reached XP level 2. HP: 12/12 MP: 4/6
   394 | D:1      | Found a faded altar of an unknown god.
  1096 | D:1      | Reached XP level 3. HP: 12/16 MP: 5/7
  1481 | D:2      | Learned a level 2 spell: Wereblood
  1485 | D:2      | Learned a level 3 spell: Spider Form
  1766 | D:2      | Found Yphaed's Book Emporium.
  1778 | D:2      | Reached skill level 3 in Transmutations
  1849 | D:2      | Found a burning altar of Makhleb.
  2015 | D:2      | Reached XP level 4. HP: 19/19 MP: 4/8
  2776 | D:3      | Found a glowing silver altar of Zin.
  3042 | D:4      | Reached skill level 4 in Transmutations
  3348 | D:4      | Found a shimmering blue altar of Sif Muna.
  3352 | D:4      | Noticed an orc warrior
  3359 | D:4      | Reached XP level 5. HP: 12/22 MP: 5/9
  3518 | D:4      | Got Sif Muna's Collected Works on Sculpting and Metal
  3523 | D:4      | Found a bloodstained altar of Trog.
  3732 | D:4      | Reached skill level 5 in Transmutations
  4036 | D:4      | Found Xoblit's Weapon Shop.
  4892 | D:4      | Noticed a centaur
  4909 | D:4      | HP: 1/22 [gnoll bouda/+0 club (3)]
  4909 | D:4      | Slain by a centaur
  4910 | D:4      | Reached XP level 4. HP: -2/19 MP: 4/8
  4910 | D:4      | Killed a centaur
  4911 | D:4      | Reached skill level 6 in Transmutations
  4911 | D:4      | Reached XP level 5. HP: 22/22 MP: 9/9
  5314 | D:5      | Entered Level 5 of the Dungeon
  5395 | D:5      | Gained mutation: You are covered in thick fur. (AC +2)
                  | [Felid growth]
  5395 | D:5      | Reached XP level 6. HP: 24/26 MP: 3/10
  5482 | D:5      | Reached skill level 7 in Transmutations
  6303 | D:5      | Killed from afar by an orc priest

Illustrated notes

Levels and vault maps discovered:
D:1:      dpeg_arrival_boxes_within_box, layout_basic, basic_ecumenical_altar,
          grunt_decor_clamped, minmay_surrounded
D:2:      layout_rooms, basic_altar, serial_shops, nicolae_shop_statue_plus,
          minmay_vboxes
D:3:      layout_loops_ring, zin_academy
D:4:      minmay_polygon_palace, layout_loops_ring,
          nzn_overflow_gifts_of_might_and_magic, serial_shops,
          nicolae_shop_trees, patterned_corridor
D:5:      layout_basic, mainiacjoe_overflow_alcove_4,
          minmay_temple_entry_overgrown

Skill      XL: |  1  2  3  4  5  6 |
---------------+-------------------+-----
Fighting       | 2 |  2.3
Transmutations | 3 6 5 7 |  7.9
Dodging        | |  2.6
Unarmed Combat | |  3.7
Spellcasting   | |  2.0

Action                   |  1- 3 |  4- 6 || total
-------------------------+-------+-------++-------
Melee: Unarmed           |   106 |   140 ||   246
       Bite              |    12 |     2 ||    14
       Headbutt          |    18 |    16 ||    34
       Punch             |     1 |     1 ||     2
 Cast: Beastly Appendage |    33 |    13 ||    46
       Wereblood         |     1 |     4 ||     5
       Spider Form       |       |    16 ||    16
 Abil: End Transformatio |       |     3 ||     3
  Use: Scroll            |       |     1 ||     1
 Stab: Sleeping          |     1 |     1 ||     2
Armor: Skin              |     4 |     7 ||    11
Dodge: Dodged            |    68 |   102 ||   170

Table legend: (Time is in decaauts)
 A = Elapsed time spent in this place.
 B = Non-inter-level travel time spent in this place.
 C = Inter-level travel time spent in this place.
 D = Time resting spent in this place.
 E = Time spent auto-exploring this place.
 F = Levels seen in this place.
 G = Mean time per level.
                   A        B        C        D        E       F      G
               +--------+--------+--------+--------+--------+-----+--------+
         Total |   5633 |   5344 |    289 |   1066 |   3387 |   5 | 1126.6 |
       Dungeon |   5633 |   5344 |    289 |   1066 |   3387 |   5 | 1126.6 |
               +--------+--------+--------+--------+--------+-----+--------+

Top non-repeatable levels by time:
     D:4: 2290 daAuts
     D:1: 1297 daAuts
     D:2: 746 daAuts
     D:3: 709 daAuts
     D:5: 589 daAuts
